 Dungeon Crawl Stone Soup version 0.14.2 (webtiles) character file.

119 FuckCats the Insei (level 3, -2/29 HPs)
             Began as a Mummy Monk on Jan 31, 2016.
             Killed from afar by Sigmund (7 damage)
             ... with a magic dart
             ... on Level 2 of the Dungeon.
             The game lasted 00:01:38 (1771 turns).

FuckCats the Insei (Mummy Monk)                     Turns: 1771, Time: 00:01:38

HP  -2/29        AC -2     Str 14      XL: 3   Next: 62%
MP   3/3         EV 13     Int  9      God:
Gold 66          SH  0     Dex 15      Spells:  0 memorised,  2 levels left

rFire  x . .     SeeInvis .       - Unarmed
rCold  + . .     Clarity  .     (no armour)
rNeg   + + +     Conserve .     (no shield)
rPois  +         rCorr    .     (no helmet)
rElec  .         rRot     +     (no cloak)
SustAb . .       Spirit   .     (no gloves)
rMut   .         Warding  .     a - +0 pair of boots
Saprov . . .     Rnd*Tele +     (no amulet)
MR     .....                    g - cursed ring of teleportation
                                d - cursed -3 ring of protection

@: not resistant to hostile enchantments, fairly stealthy
A: no food or potions, fire vulnerability, restore body, cold resistance 1, life
protection 3, poison resistance, torment resistance, unbreathing
a: Evoke Teleportation


You were on level 2 of the Dungeon.
You were not hungry.

You visited 1 branch of the dungeon, and saw 2 of its levels.

You collected 66 gold pieces.


Innate Abilities, Weirdness & Mutations

You do not eat or drink.
Your flesh is vulnerable to fire.
Your flesh is cold resistant.
You are immune to negative energy.
Your system is resistant to poisons.
You are immune to unholy pain and torment.
You can survive without breathing.


   Skills:
 - Level 3.0 Fighting
 - Level 2.4 Dodging
 - Level 1.5 Stealth
 + Level 4.4 Unarmed Combat


You had 2 spell levels left.
You didn't know any spells.

Inventory:

Armour
 a - a +0 pair of boots (worn)
Scrolls
 b - a scroll of identify {unknown}
 c - a scroll of enchant armour {unknown}
 e - 2 scrolls of amnesia
 f - a scroll of remove curse {unknown}
Jewellery
 d - a cursed -3 ring of protection (left hand)
 g - a cursed ring of teleportation (right hand)

Dungeon Overview and Level Annotations

Branches:
Dungeon (2/15)

Altars:

Annotations:
D:2 Sigmund

········· · ·······
············ ········
···········▒ ▒······
·▒····▒····▒▒▒····▒
··················▒▒·▒
·▒·▒···················
·▒·▒·▒▒····▒▒▒·▒·▒▒▒·▒·▒
·························
·····(······▒▒·▒M▒▒▒·▒▒▒
·▒·▒·▒▒·▒··▒▒▒·▒·@·······
·▒·▒·▒▒·▒··▒▒▒·▒·▒▒▒····
·▒·▒·▒▒··········▒ ▒▒·
·▒·▒·▒▒··········· ···
·▒·········▒▒▒···· ▒·▒
·▒···▒▒···▒▒········▒
·····▒▒···▒·▒▒▒▒▒▒·▒
······▒····▒▒··(··▒


You could see Sigmund.


Message History

You hit Sigmund but do no damage. Sigmund hits you with a scythe!
* * * LOW HITPOINT WARNING * * *
You are too injured to fight recklessly!
You are too injured to fight recklessly!
You hit Sigmund.
Sigmund is lightly wounded.
Sigmund misses you.
You hit Sigmund.
Sigmund is moderately wounded.
You hit Sigmund but do no damage.
Sigmund is moderately wounded.
Sigmund barely misses you.
You hit Sigmund.
Sigmund is moderately wounded.
Sigmund hits you with a scythe.
* * * LOW HITPOINT WARNING * * *
You closely miss Sigmund.
Sigmund is moderately wounded.
You closely miss Sigmund.
Sigmund is moderately wounded.
Sigmund laughs darkly.
Sigmund hits you with a scythe.
* * * LOW HITPOINT WARNING * * *
You hit Sigmund.
Sigmund is moderately wounded.
You closely miss Sigmund.
Sigmund is moderately wounded.
Sigmund casts a spell at you. The magic dart hits you!
You die...

Action                   || total
-------------------------++-------
Melee: Unarmed           ||   147
  Use: Scroll            ||     1
 Stab: Sleeping          ||     3

Vault maps used:
D:1:      eino_arrival_water_cross
D:2:      minmay_cut_off, uniq_jessica, uniq_sigmund

Notes
Turn   | Place    | Note
--------------------------------------------------------------
     0 | D:1      | FuckCats, the Mummy Monk, began the quest for the Orb.
     0 | D:1      | Reached XP level 1. HP: 18/18 MP: 1/1
   407 | D:1      | Reached XP level 2. HP: 14/24 MP: 2/2
   947 | D:1      | Reached skill level 4 in Unarmed Combat
  1371 | D:2      | Reached XP level 3. HP: 25/29 MP: 3/3
  1758 | D:2      | Noticed Sigmund
  1771 | D:2      | Killed from afar by Sigmund

Vanquished Creatures
  2 adders (D:2)
  A bat (D:1)
  2 giant cockroaches (D:2)
  9 goblins
  5 hobgoblins (D:1)
  3 jackals (D:1)
  A ball python (D:1)
  A giant gecko (D:1)
  2 giant newts (D:1)
  4 kobolds
  5 rats
35 creatures vanquished.
